 Dungeon Crawl Stone Soup version 0.17-a0-4-gb793c6d (webtiles) character file.

1415 Psiweapon the Twirler (level 8, -1/48 HPs)
             Began as a Gargoyle Gladiator on Mar 4, 2015.
             Killed from afar by Dowan (13 damage)
             ... with a shard of ice
             ... on level 5 of the Dungeon.
             The game lasted 00:19:38 (5252 turns).

Psiweapon the Twirler (Gargoyle Gladiator)          Turns: 5252, Time: 00:19:38

Health: -1/48      AC: 16    Str: 20    XL:     8   Next: 71%
Magic:  8/8        EV: 12    Int:  9    God:
Gold:   223        SH:  0    Dex: 11    Spells: 0 memorised, 7 levels left

rFire  + . .     SeeInvis .     y - +0 hand crossbow (flame)
rCold  . . .     Clarity  .     L - +2 leather armour {rF+}
rNeg   + + .     SustAb   .     (no shield)
rPois  ∞         Gourm    .     c - +0 helmet
rElec  +         Spirit   .     (no cloak)
rCorr  .         Warding  +     C - +2 pair of gloves
rMut   .         Stasis   .     l - +1 pair of boots
MR     .....                    F - amulet of warding
Stlth  +++.......               G - ring of invisibility
                                q - +2 ring of slaying

@: not resistant to hostile enchantments, fairly stealthy
A: negative energy resistance 1, electricity resistance, unbreathing,
petrification resistance, rot immunity, AC +5
a: Evoke Invisibility


You were on level 5 of the Dungeon.
You were hungry.

You visited 1 branch of the dungeon, and saw 6 of its levels.

You collected 223 gold pieces.

Inventory:

Hand weapons
 a - a +0 quarterstaff
 y - a +0 hand crossbow of flaming (weapon)
 B - a +0 long sword
Missiles
 h - 119 stones
 w - 22 sling bullets
 z - 82 bolts (quivered)
Armour
 b - a +0 leather armour
 c - a +0 helmet (worn)
 g - a +0 chain mail
 l - a +1 pair of boots (worn)
 n - a +1 scale mail
 C - a +2 pair of gloves (worn)
 L - a +2 leather armour of fire resistance (worn)
Magical staves
 K - an uncursed staff of cold
Jewellery
 k - an uncursed ring of see invisible
 o - a -5 ring of protection
 q - a +2 ring of slaying (left hand)
 u - a +2 ring of intelligence
 F - an amulet of warding (around neck)
 G - a ring of invisibility (right hand)
Magical devices
 D - a wand of frost (32)
Scrolls
 e - 3 scrolls of enchant armour
 m - a scroll of magic mapping {unknown}
 p - a scroll of random uselessness
 t - 2 scrolls of teleportation
 x - 2 scrolls of recharging {unknown}
 A - a scroll of amnesia {unknown}
 I - a scroll of identify
Potions
 i - 2 potions of curing
 j - 3 potions of agility {unknown}
 r - a potion of ambrosia {unknown}
 s - 3 potions of degeneration {unknown}
 v - 2 potions of brilliance {unknown}
 E - 2 potions of haste {unknown}
 M - a potion of cancellation {unknown}
 P - a potion of might
Miscellaneous
 O - a plain deck of summoning
Comestibles
 d - 3 fruits
 f - 3 bread rations
 H - a slice of pizza
 J - a meat ration
 N - a chunk of flesh


   Skills:
 + Level 3.8 Fighting
 - Level 7.1 Staves
 - Level 4.2 Crossbows
 - Level 2.0 Throwing
 - Level 2.8 Armour
 - Level 2.4 Dodging
 - Level 6.3 Stealth


You had 7 spell levels left.
You didn't know any spells.

Dungeon Overview and Level Annotations

Branches:
Dungeon (6/15)
 Temple: D:4-7

Altars:
Ashenzari
Cheibriados
Makhleb
Nemelex Xobeh
Qazlal
Trog

Annotations:
D:5 Dowan
D:6 exclusions: slave and 1 more exclusion, Pikel


Innate Abilities, Weirdness & Mutations

You are resistant to torment.
You are immune to poison.
Your stone body is very resilient (AC +5).
You resist negative energy.
You are resistant to electric shocks.
You can survive without breathing.
You are immune to petrification.
You are immune to rotting.


Message History

Wield which item (- for none, * to show all)? (? for menu, Esc to quit)
It bursts into flame!
y - a +0 hand crossbow of flaming (weapon)
Firing (i - inventory. (,) - cycle):
z - 84 bolts (quivered)
Press: ? - help, Shift-Dir - straight line, f/p - Dowan
Aim: Dowan, wielding a dagger and wearing a robe (almost dead, fast)
You shoot a bolt. The bolt hits Dowan but does no damage.
Dowan is almost dead.
Dowan casts a spell at you. The stone arrow hits you!
* * * LOW HITPOINT WARNING * * *
Dowan points at you and mumbles some strange words.
The stone arrow misses you.
Firing (i - inventory. (,) - cycle):
z - 83 bolts (quivered)
Press: ? - help, Shift-Dir - straight line, f/p - Dowan
Aim: Dowan, wielding a dagger and wearing a robe (almost dead, fast)
You shoot a bolt. The bolt closely misses Dowan.
Dowan casts a spell at you. The shard of ice hits you!
You die...

# ## # .## ### #.# ..##
##.###.#####
...####..........####...
...'.....^.(e....(((.....
...#......## # #@#
..#.......##.# #.#
.##..........# #.#
########..#### #.#
#..######.# ##.)......#
#####†######## ##P....#
#PP....#


You could see Dowan.

Vanquished Creatures
  Eustachio (D:6)
  An orc warrior (D:6)
  A slave (D:6)
  A phantom (D:4)
  4 ogres
  Duvessa (D:5)
  Blork the orc (D:6)
  3 scorpions
  2 wights (D:6)
  A jelly (D:6)
  A giant frog skeleton (D:6)
  An orc priest (D:3)
  A hound (D:6)
  An orc wizard (D:6)
  Natasha (twice) (D:5)
  An iguana (D:6)
  5 adders
  A giant mite (D:6)
  3 worms
  An adder zombie (D:5)
  5 giant geckos
  2 oozes
  8 orcs
  14 bats
  A bat skeleton (D:4)
  8 giant cockroaches
  10 goblins
  9 hobgoblins
  3 quokkas
  A ball python (D:3)
  2 giant newts
  4 jackals
  9 kobolds
  10 rats
119 creatures vanquished.

Vanquished Creatures (others)
  A giant cockroach zombie (D:6)
1 creature vanquished.

Grand Total: 120 creatures vanquished

Notes
Turn   | Place    | Note
--------------------------------------------------------------
     0 | D:1      | Psiweapon, the Gargoyle Gladiator, began the quest for the Orb.
     0 | D:1      | Reached XP level 1. HP: 12/12 MP: 1/1
    80 | D:2      | Reached XP level 2. HP: 7/17 MP: 2/2
    91 | D:2      | Found a shattered altar of Ashenzari.
   427 | D:1      | Reached skill level 4 in Staves
   460 | D:1      | Reached XP level 3. HP: 21/21 MP: 3/3
  1434 | D:2      | Reached XP level 4. HP: 26/26 MP: 4/4
  1734 | D:2      | Reached skill level 5 in Staves
  2006 | D:3      | Found a snail-covered altar of Cheibriados.
  2639 | D:4      | Reached XP level 5. HP: 28/30 MP: 5/5
  3094 | D:4      | Found a bloodstained altar of Trog.
  3094 | D:4      | Found a burning altar of Makhleb.
  3112 | D:4      | Reached skill level 6 in Staves
  3120 | D:4      | Found a stormy altar of Qazlal.
  3184 | D:4      | Noticed a phantom
  3225 | D:4      | Killed a phantom
  3225 | D:4      | Reached XP level 6. HP: 32/35 MP: 6/6
  3591 | D:4      | Reached skill level 7 in Staves
  3678 | D:5      | Entered Level 5 of the Dungeon
  3793 | D:5      | Reached skill level 1 in Armour
  3793 | D:5      | Reached skill level 1 in Stealth
  3979 | D:5      | Reached XP level 7. HP: 21/40 MP: 7/7
  4194 | D:6      | Noticed Blork the orc
  4206 | D:6      | Killed Blork the orc
  4206 | D:6      | Reached skill level 1 in Crossbows
  4415 | D:6      | Noticed Eustachio
  4453 | D:6      | Killed Eustachio
  4593 | D:6      | Reached skill level 5 in Stealth
  4593 | D:6      | Reached XP level 8. HP: 44/44 MP: 8/8
  4674 | D:6      | Noticed Pikel
  5064 | D:5      | Found a sparkling altar of Nemelex Xobeh.
  5064 | D:5      | Noticed Natasha
  5070 | D:5      | Killed Natasha
  5096 | D:5      | Noticed Natasha
  5101 | D:5      | Killed Natasha
  5235 | D:5      | Noticed Duvessa
  5237 | D:5      | Noticed Dowan
  5241 | D:5      | Killed Duvessa
  5252 | D:5      | Killed from afar by Dowan

Action                   |  1- 3 |  4- 6 |  7- 9 || total
-------------------------+-------+-------+-------++-------
Melee: Quarterstaff      |   128 |   171 |    82 ||   381
 Fire: Hand crossbow     |       |     7 |    50 ||    57
Throw: Stone             |    20 |    28 |       ||    48
       Throwing net      |     1 |     3 |     1 ||     5
  Use: Scroll            |       |     5 |       ||     5
       Potion            |       |     1 |     1 ||     2
  Eat: Chunk             |     2 |     6 |     4 ||    12
       Beef jerky        |       |     1 |       ||     1
